 Dungeon Crawl Stone Soup version 0.21.0 (webtiles) character file.

1522 AllRandomAllDemise the Poker (level 8, -2/62 HPs)
             Began as a Merfolk Air Elementalist on Jan 9, 2018.
             Was an Initiate of Ru.
             Killed from afar by an electric eel (12 damage)
             ... with a bolt of electricity
             ... on level 6 of the Dungeon.
             The game lasted 00:14:58 (8085 turns).

AllRandomAllDemise the Poker (MfAE)                 Turns: 8085, Time: 00:14:59

Health: -2/62      AC: 10    Str: 11    XL:     8   Next: 84%
Magic:  12/12      EV: 11    Int: 14    God:    Ru [......]
Gold:   234        SH:  0    Dex: 14    Spells: 7/13 levels left

rFire    . . .     SeeInvis .   a - +5 demon trident (flame)
rCold    . . .     Gourm    .   (no shield)
rNeg     . . .     Faith    .   x - +0 ring mail
rPois    .         Spirit   .   w - +1 helmet
rElec    .         Reflect  .   (no cloak)
rCorr    .         Harm     .   (no gloves)
MR       +....                  k - +2 pair of boots
Stlth    +++.......             e - amulet of magic regeneration
HPRegen  0.20/turn              G - ring of protection from magic
MPRegen  0.38/turn              (no ring)

@: no status effects
A: change form in water, swift swim, stealthy swim
a: Renounce Religion


You were on level 6 of the Dungeon.
You worshipped Ru.
Ru was noncommittal.
You were not hungry.

You visited 2 branches of the dungeon, and saw 7 of its levels.
You also visited: Ossuary.

You collected 234 gold pieces.

Inventory:

Hand Weapons
 a - a +5 demon trident of flaming (weapon)
 b - a +0 trident
 r - a +2 short sword of venom
Missiles
 j - 7 steel javelins (quivered)
 E - 6 javelins of penetration
Armour
 k - a +2 pair of boots (worn)
 w - a +1 helmet (worn)
 x - a +0 ring mail (worn)
 B - a +0 buckler
 C - a +2 robe of positive energy
Magical Staves
 A - an uncursed staff of earth
Jewellery
 e - an amulet of magic regeneration (around neck)
 G - a ring of protection from magic (left hand)
Scrolls
 g - 4 scrolls of fear
 i - 2 scrolls of remove curse
 o - 3 scrolls of amnesia
 p - 4 scrolls of teleportation
 y - a scroll of enchant armour
Potions
 f - a potion of berserk rage {unknown}
 h - 3 potions of curing
 l - 4 potions of haste
 m - a potion of heal wounds
 n - 2 potions of might
 q - 3 potions of flight
 t - a potion of mutation {!q!q}
 u - 2 potions of degeneration {unknown}
 v - 2 potions of brilliance
 z - 2 potions of agility {unknown}
 D - a potion of lignification {unknown}
 F - a potion of ambrosia {unknown}
Books
 d - a book of Air

   Spells                             Type                      Level
   a - Shock                          Conjuration/Air              1
   b - Swiftness                      Charms/Air                   2
   c - Static Discharge               Conjuration/Air              3
   d - Airstrike                      Air                          4
   e - Lightning Bolt                 Conjuration/Air              5
 s - a book of Frost

   Spells                             Type                      Level
   a - Freeze                         Ice                          1
   b - Throw Frost                    Conjuration/Ice              2
   c - Ozocubu's Armour               Charms/Ice                   3
   d - Throw Icicle                   Conjuration/Ice              4
   e - Summon Ice Beast               Ice/Summoning                4
Comestibles
 c - 11 rations


   Skills:
 + Level 5.2 Fighting
 - Level 5.3 Short Blades
 * Level 6.9 Polearms
 + Level 3.2 Dodging
 + Level 6.5 Stealth
 - Level 3.2 Spellcasting
 - Level 2.1 Conjurations
 - Level 2.4 Air Magic


You had 7 spell levels left.
You knew the following spells:

 Your Spells              Type           Power        Failure   Level  Hunger
a - Shock                 Conj/Air       #...         21%         1    #......
d - Static Discharge      Conj/Air       #.......     52%         3    ###....
h - Swiftness             Chrm/Air       #.......     43%         2    ##.....


Dungeon Overview and Level Annotations

Branches:
Dungeon (6/15)             Temple (1/1) D:6

Altars:
Ashenzari
Cheibriados
Dithmenos
Gozag
Hepliaklqana
Kikubaaqudgha
Ru
Sif Muna
Uskayaw
Wu Jian
Xom
Zin
The Shining One

Annotations:
D:2 Terence


Message History

Unknown command.
You feel much better.
The electric eel shoots out a bolt of lightning at you!
The bolt of electricity hits you!
Unknown command.
The electric eel shoots out a bolt of lightning at you!
The bolt of electricity hits you! x2
* * * LOW HITPOINT WARNING * * *
The electric eel shoots out a bolt of lightning at you!
The bolt of electricity hits the electric eel.
The electric eel completely resists.
The bolt of electricity hits you!
* * * LOW HITPOINT WARNING * * *
You feel much better.
The electric eel shoots out a bolt of lightning at you!
The bolt of electricity hits you! x2
* * * LOW HITPOINT WARNING * * *
The electric eel shoots out a bolt of lightning at you!
The bolt of electricity hits the electric eel.
The electric eel completely resists.
The bolt of electricity hits you!
You die...

#.# #...###
#.##########......
#.........##....#.
#..####........#.#
#..# #....#..#.#.
###..#
####.....#.>
♣...## #.#..#.#.
♣≈...# ###...#.#
♣;.@.# ......#.
≈≈≈≈≈≈≈♣≈#.#
###......
≈♣≈;;≈≈♣♣#.#
#...### ≈≈PP♣≈≈ .#
#.## ≈≈≈ ;≈≈ .# #.
≈≈ ≈≈≈≈ .# ≈ ≈≈≈≈≈
.# ≈≈≈≈≈≈ ##


You could see 3 electric eels.

Vanquished Creatures
  Sigmund (D:5)
  A wraith (Ossuary)
  A sky beast (D:3)
  An ogre (D:4)
  An elf zombie (Ossuary)
  3 scorpions
  A crimson imp (D:4)
  A centaur zombie (D:5)
  3 hounds
  3 orc priests
  A bullfrog skeleton (D:4)
  3 orc wizards
  A centaur skeleton (D:4)
  2 iguanas
  Jessica (D:2)
  A worker ant (D:4)
  A big kobold zombie (Ossuary)
  2 hound skeletons (D:5)
  3 mummies (Ossuary)
  A worker ant zombie (D:4)
  Robin (D:2)
  A howler monkey skeleton (D:5)
  6 adders
  A shadow imp (D:5)
  An adder zombie (D:5)
  6 worms
  3 dart slugs
  7 leopard geckos
  22 orcs
  4 giant cockroaches
  13 goblins
  9 hobgoblins
  A quokka (D:4)
  A ball python skeleton (D:5)
  10 bats
  11 frilled lizards
  A goblin zombie (Ossuary)
  5 hobgoblin zombies (Ossuary)
  6 kobolds
  3 kobold zombies (Ossuary)
  2 quokka skeletons
  8 rats
154 creatures vanquished.

Notes
Turn   | Place    | Note
-------+----------+-------------------------------------------
     0 | D:1      | AllRandomAllDemise the Merfolk Air Elementalist began the quest for the Orb.
     0 | D:1      | Reached XP level 1. HP: 13/13 MP: 3/3
   145 | D:1      | Reached skill level 1 in Conjurations
   426 | D:1      | Reached XP level 2. HP: 19/19 MP: 3/5
   735 | D:1      | Reached XP level 3. HP: 10/24 MP: 3/6
  1589 | D:2      | Noticed Robin
  1615 | D:2      | Noticed Jessica
  1631 | D:2      | Killed Jessica
  1631 | D:2      | Reached skill level 1 in Fighting
  1631 | D:2      | Reached XP level 4. HP: 32/32 MP: 2/8
  1760 | D:2      | Noticed Terence
  1968 | D:2      | Killed Robin
  2377 | D:3      | Reached XP level 5. HP: 30/38 MP: 6/9
  2927 | D:3      | Learned a level 3 spell: Static Discharge
  3218 | D:3      | Found a glowing golden altar of the Shining One.
  3589 | D:4      | Noticed a sky beast
  3621 | D:3      | Killed a sky beast
  3621 | D:3      | Reached XP level 6. HP: 31/46 MP: 10/10
  4198 | D:4      | Reached XP level 7. HP: 26/52 MP: 0/11
  4353 | D:4      | Learned a level 2 spell: Swiftness
  4480 | D:4      | Reached skill level 1 in Polearms
  4480 | D:4      | Reached skill level 5 in Stealth
  5423 | D:5      | Entered Level 5 of the Dungeon
  5662 | D:4      | Reached XP level 8. HP: 36/60 MP: 7/12
  6376 | D:5      | Noticed Sigmund
  6379 | D:5      | Killed Sigmund
  6379 | D:5      | Reached skill level 5 in Short Blades
  6379 | D:5      | Reached skill level 5 in Polearms
  6634 | D:5      | Found an opulent altar of Gozag.
  6672 | D:5      | Found a deep blue altar of Sif Muna.
  6708 | D:6      | Found a sand-covered staircase.
  6719 | Ossuary  | Entered an ossuary
  6719 | Ossuary  | Noticed a wraith
  6719 | Ossuary  | Noticed a wraith
  6719 | Ossuary  | Noticed a wraith
  6928 | Ossuary  | Noticed a wraith
  6940 | Ossuary  | Killed a wraith
  6940 | Ossuary  | Reached skill level 5 in Fighting
  7824 | Ossuary  | Identified a scroll of acquirement
  7907 | D:6      | Found a staircase to the Ecumenical Temple.
  7920 | Temple   | Entered the Ecumenical Temple
  8043 | Temple   | Became a worshipper of Ru the Awakened
  8085 | D:6      | Killed from afar by an electric eel

Skill      XL: |  1  2  3  4  5  6  7  8 |
---------------+-------------------------+-----
Conjurations   | 1 2 |  2.1
Stealth        | 3 4 5 6 |  6.5
Fighting       | 1 2 3 4 5 |  5.2
Spellcasting   | 3 |  3.2
Short Blades   | 2 3 4 5 |  5.3
Polearms       | 4 6 |  6.9
Dodging        | 3 |  3.2
Air Magic      | |  2.4

Action                   |  1- 3 |  4- 6 |  7- 9 || total
-------------------------+-------+-------+-------++-------
Melee: Dagger            |    31 |    20 |       ||    51
       Short sword       |       |    21 |   111 ||   132
       Trident           |       |       |   107 ||   107
       Demon trident     |       |       |     7 ||     7
       Tailslap          |       |       |     1 ||     1
Throw: Javelin           |     1 |    10 |       ||    11
 Cast: Shock             |    73 |   143 |    94 ||   310
  Use: Scroll            |       |     1 |    20 ||    21
       Potion            |       |       |     3 ||     3
 Stab: Sleeping          |     2 |       |    12 ||    14
  Eat: Chunk             |     3 |     9 |     3 ||    15
       Ration            |       |       |     3 ||     3
Armor: Robe              |    18 |    23 |    38 ||    79
Dodge: Dodged            |    19 |    61 |   115 ||   195
